| TOP OF THE 1ST |
|
Atlanta (MID) Braves batting - Pitching for Greensboro Grasshoppers : RHP Rodolfo Mendez
|
|
Pitching: RHP Rodolfo Mendez
|
|
|
Batting: LHB Eric Jackson
|
0-0: Ball 1-0: Foul Ball, location: 2F 1-1: Called Strike 1-2: Strikes out swinging
|
|
Batting: RHB Chris Trites
|
0-0: SINGLE (Line Drive, 78S, EV 100.0 MPH)
|
|
Batting: SHB Brett McEwen
|
0-0: Called Strike Chris Trites is caught stealing 2nd base 2-6 0-1: Ball 1-1: Ball 2-1: Called Strike 2-2: Ball 3-2: Strikes out swinging
|
| Top of the 1st over - 0 runs, 1 hit, 0 errors, 0 left on base; Atlanta (MID) 0 - Greensboro 0 |
| BOTTOM OF THE 1ST |
|
Greensboro Grasshoppers batting - Pitching for Atlanta (MID) Braves : RHP Gabe Fillmore
|
|
Pitching: RHP Gabe Fillmore
|
|
|
Batting: RHB Tom Thompson
|
0-0: Swinging Strike 0-1: Ball 1-1: Called Strike 1-2: Strikes out swinging
|
|
Batting: RHB Nate Crofts
|
0-0: Foul Ball, location: 2F 0-1: Foul Ball, location: 2F 0-2: Ball 1-2: SINGLE (Groundball, 6MD, EV 101.9 MPH)
|
|
Batting: RHB Miguel Velasco
|
0-0: Ball 1-0: Swinging Strike 1-1: Fielders Choice at 2nd, 6-4 (Groundball, 6M, EV 90.0 MPH)
|
|
Batting: LHB Angelo Estrella
|
0-0: Foul Ball, location: 2F 0-1: SINGLE (Groundball, 6S, EV 64.4 MPH) (infield hit) Miguel Velasco to second
|
|
Batting: LHB Justin Blakely
|
0-0: Foul Ball, location: 2F 0-1: Ground out 3-1 (Groundball, 34S, EV 85.6 MPH)
|
| Bottom of the 1st over - 0 runs, 2 hits, 0 errors, 2 left on base; Atlanta (MID) 0 - Greensboro 0 |
| TOP OF THE 2ND |
|
Atlanta (MID) Braves batting - Pitching for Greensboro Grasshoppers : RHP Rodolfo Mendez
|
|
Batting: LHB Tamaichi Sasada
|
0-0: Ball 1-0: Called Strike 1-1: Ball 2-1: Called Strike 2-2: Strikes out swinging
|
|
Batting: LHB Ricardo Sandoval
|
0-0: Ball 1-0: Ball 2-0: Foul Ball, location: 2F 2-1: Called Strike 2-2: Fly out, F9 (Flyball, 89M, EV 89.4 MPH)
|
|
Batting: RHB Josh McCormick
|
0-0: Called Strike 0-1: Swinging Strike 0-2: Ball 1-2: Fly out, F7 (Flyball, 78M, EV 87.5 MPH)
|
| Top of the 2nd over - 0 runs, 0 hits, 0 errors, 0 left on base; Atlanta (MID) 0 - Greensboro 0 |
| BOTTOM OF THE 2ND |
|
Greensboro Grasshoppers batting - Pitching for Atlanta (MID) Braves : RHP Gabe Fillmore
|
|
Batting: RHB Alberto Bravo
|
0-0: Called Strike 0-1: Ball 1-1: Ground out 5-3 (Groundball, 5, EV 86.2 MPH)
|
|
Batting: RHB Nick Dunton
|
0-0: Ground out 5-3 (Groundball, 5, EV 86.2 MPH)
|
|
Batting: LHB Jose Cabello
|
0-0: Called Strike 0-1: Ball 1-1: Foul Ball, location: 2F 1-2: Ball 2-2: Ground out 4-3 (Groundball, 4, EV 103.1 MPH)
|
| Bottom of the 2nd over - 0 runs, 0 hits, 0 errors, 0 left on base; Atlanta (MID) 0 - Greensboro 0 |
| TOP OF THE 3RD |
|
Atlanta (MID) Braves batting - Pitching for Greensboro Grasshoppers : RHP Rodolfo Mendez
|
|
Batting: RHB Nick Holsinger
|
0-0: Ball 1-0: Swinging Strike 1-1: Swinging Strike 1-2: Strikes out swinging
|
|
Batting: RHB Alex Campos
|
0-0: SOLO HOME RUN (Flyball, 7D, EV 99.4 MPH), Distance : 366 ft
|
|
Batting: RHB Gabe Allen
|
0-0: Ball 1-0: SINGLE (Flyball, 6D, EV 97.5 MPH)
|
|
Batting: LHB Eric Jackson
|
0-0: Ball 1-0: Reached on error, E4 (Groundball, 34, EV 83.8 MPH) Gabe Allen to second
|
|
Batting: RHB Chris Trites
|
0-0: Ball 1-0: Foul Ball, location: 2F 1-1: Grounds into double play, 6-4-3 (Groundball, 6, EV 88.1 MPH)
|
| Top of the 3rd over - 1 run, 2 hits, 1 error, 1 left on base; Atlanta (MID) 1 - Greensboro 0 |
| BOTTOM OF THE 3RD |
|
Greensboro Grasshoppers batting - Pitching for Atlanta (MID) Braves : RHP Gabe Fillmore
|
|
Batting: RHB Dennis Coppolino
|
0-0: Called Strike 0-1: Swinging Strike 0-2: SINGLE (Groundball, 56D, EV 93.8 MPH)
|
|
Batting: RHB Tom Thompson
|
0-0: Ball 1-0: Ball 2-0: Called Strike 2-1: Foul Ball, location: 2F 2-2: Foul Ball, location: 2F 2-2: Foul Ball, location: 2F 2-2: Strikes out looking
|
|
Batting: RHB Nate Crofts
|
0-0: Called Strike 0-1: Ball 1-1: Ball 2-1: Ball 3-1: Base on Balls Dennis Coppolino to second
|
|
Batting: RHB Miguel Velasco
|
0-0: Fly out, F7 (Flyball, 78S, EV 76.9 MPH)
|
|
Batting: LHB Angelo Estrella
|
0-0: Ball 1-0: Ball 2-0: Swinging Strike 2-1: Called Strike 2-2: Ball 3-2: Strikes out swinging
|
| Bottom of the 3rd over - 0 runs, 1 hit, 0 errors, 2 left on base; Atlanta (MID) 1 - Greensboro 0 |
| TOP OF THE 4TH |
|
Atlanta (MID) Braves batting - Pitching for Greensboro Grasshoppers : RHP Rodolfo Mendez
|
|
Batting: SHB Brett McEwen
|
0-0: Ball 1-0: Foul Ball, location: 2F 1-1: Ground out 6-3 (Groundball, 6M, EV 106.2 MPH)
|
|
Batting: LHB Tamaichi Sasada
|
0-0: Ball 1-0: Called Strike 1-1: Ball 2-1: Ground out 4-3 (Groundball, 4, EV 85.6 MPH)
|
|
Batting: LHB Ricardo Sandoval
|
0-0: Ball 1-0: Ball 2-0: Ball 3-0: Base on Balls
|
|
Batting: RHB Josh McCormick
|
0-0: Ball Ricardo Sandoval steals 2nd base 1-0: Ground out 6-3 (Groundball, 6, EV 88.1 MPH)
|
| Top of the 4th over - 0 runs, 0 hits, 0 errors, 1 left on base; Atlanta (MID) 1 - Greensboro 0 |
| BOTTOM OF THE 4TH |
|
Greensboro Grasshoppers batting - Pitching for Atlanta (MID) Braves : RHP Gabe Fillmore
|
|
Batting: LHB Justin Blakely
|
0-0: Foul Ball, location: 2F 0-1: SINGLE (Groundball, 4D, EV 96.9 MPH)
|
|
Batting: RHB Alberto Bravo
|
0-0: Swinging Strike 0-1: Ball 1-1: Called Strike 1-2: Strikes out looking
|
|
Batting: RHB Nick Dunton
|
0-0: Called Strike 0-1: Foul Ball, location: 2F 0-2: Ball 1-2: Ball 2-2: Strikes out swinging
|
|
Batting: LHB Jose Cabello
|
0-0: Ball 1-0: Ground out 5-3 (Groundball, 15, EV 88.8 MPH)
|
| Bottom of the 4th over - 0 runs, 1 hit, 0 errors, 1 left on base; Atlanta (MID) 1 - Greensboro 0 |
| TOP OF THE 5TH |
|
Atlanta (MID) Braves batting - Pitching for Greensboro Grasshoppers : RHP Rodolfo Mendez
|
|
Batting: RHB Nick Holsinger
|
0-0: Ground out 1-3 (Groundball, 13S, EV 73.8 MPH)
|
|
Batting: RHB Alex Campos
|
0-0: Swinging Strike 0-1: Called Strike 0-2: Ball 1-2: Foul Ball, location: 2F 1-2: Strikes out swinging
|
|
Batting: RHB Gabe Allen
|
0-0: Called Strike 0-1: Ball 1-1: Swinging Strike 1-2: Foul Ball, location: 2F 1-2: Ball 2-2: Ball 3-2: Foul Ball, location: 2F 3-2: Foul Ball, location: 2F 3-2: Base on Balls
|
|
Batting: LHB Eric Jackson
|
0-0: Ball 1-0: Foul Ball, location: 2F 1-1: Foul Ball, location: 2F 1-2: Foul Ball, location: 2F 1-2: Strikes out swinging
|
| Top of the 5th over - 0 runs, 0 hits, 0 errors, 1 left on base; Atlanta (MID) 1 - Greensboro 0 |
| BOTTOM OF THE 5TH |
|
Greensboro Grasshoppers batting - Pitching for Atlanta (MID) Braves : RHP Gabe Fillmore
|
|
Batting: RHB Dennis Coppolino
|
0-0: Ball 1-0: Ball 2-0: Ball 3-0: Base on Balls
|
|
Batting: RHB Tom Thompson
|
0-0: Called Strike 0-1: Ball 1-1: Called Strike 1-2: Strikes out looking
|
|
Batting: RHB Nate Crofts
|
0-0: Ball 1-0: Ball 2-0: Ball 3-0: Base on Balls Dennis Coppolino to second
|
|
Batting: RHB Miguel Velasco
|
0-0: Ball 1-0: Called Strike 1-1: Ball 2-1: SINGLE (Groundball, 34D, EV 107.5 MPH) Dennis Coppolino to third Nate Crofts to second Runner from 3rd tries for Home, SAFE, throw by RF to home
|
|
Batting: LHB Angelo Estrella
|
0-0: Swinging Strike 0-1: Ball 1-1: Ball 2-1: SINGLE (Flyball, 56D, EV 91.2 MPH) Nate Crofts to third Miguel Velasco to second
|
|
Batting: LHB Justin Blakely
|
0-0: Called Strike 0-1: Reached on error, E6 (Groundball, 6, EV 76.9 MPH) Nate Crofts scores Miguel Velasco to third Angelo Estrella to second
|
|
Batting: RHB Alberto Bravo
|
0-0: Ball 1-0: Fly out, F7 (Flyball, 7D, EV 106.2 MPH) Runner from 3rd tags up, OUT at HOME! 7-2
|
| Bottom of the 5th over - 2 runs, 2 hits, 1 error, 2 left on base; Atlanta (MID) 1 - Greensboro 2 |
| TOP OF THE 6TH |
|
Atlanta (MID) Braves batting - Pitching for Greensboro Grasshoppers : RHP Rodolfo Mendez
|
|
Batting: RHB Chris Trites
|
0-0: Foul Ball, location: 2F 0-1: Swinging Strike 0-2: Ball 1-2: Strikes out swinging
|
|
Batting: SHB Brett McEwen
|
0-0: Ball 1-0: Ball 2-0: Foul Ball, location: 2F 2-1: Called Strike 2-2: Fly out, F8 (Flyball, 8RM, EV 76.2 MPH)
|
|
Batting: LHB Tamaichi Sasada
|
0-0: Called Strike 0-1: Ball 1-1: Ball 2-1: Ball 3-1: Base on Balls
|
|
Batting: LHB Ricardo Sandoval
|
0-0: Ball 1-0: Swinging Strike 1-1: Foul Ball, location: 2F 1-2: Strikes out swinging
|
| Top of the 6th over - 0 runs, 0 hits, 0 errors, 1 left on base; Atlanta (MID) 1 - Greensboro 2 |
| BOTTOM OF THE 6TH |
|
Greensboro Grasshoppers batting - Pitching for Atlanta (MID) Braves : RHP Gabe Fillmore
|
|
Batting: RHB Nick Dunton
|
0-0: Swinging Strike 0-1: Ball 1-1: Foul Ball, location: 2F 1-2: Foul Ball, location: 2F 1-2: Foul Ball, location: 2F 1-2: Strikes out looking
|
|
Batting: LHB Jose Cabello
|
0-0: Foul Ball, location: 2F 0-1: Ground out U3 (Groundball, 3, EV 88.8 MPH)
|
|
Batting: RHB Dennis Coppolino
|
0-0: Ball 1-0: Ball 2-0: Called Strike 2-1: Called Strike 2-2: Foul Ball, location: 2F 2-2: Ball 3-2: Strikes out swinging
|
| Bottom of the 6th over - 0 runs, 0 hits, 0 errors, 0 left on base; Atlanta (MID) 1 - Greensboro 2 |
| TOP OF THE 7TH |
|
Atlanta (MID) Braves batting - Pitching for Greensboro Grasshoppers : RHP Rodolfo Mendez
|
|
Batting: RHB Josh McCormick
|
0-0: Swinging Strike 0-1: Fly out, F9 (Flyball, 9D, EV 84.4 MPH)
|
|
Batting: RHB Nick Holsinger
|
0-0: Called Strike 0-1: Foul Ball, location: 2F 0-2: Ground out 6-3 (Groundball, 6, EV 81.9 MPH)
|
|
Batting: RHB Alex Campos
|
0-0: Fly out, F8 (Flyball, 8RD, EV 84.4 MPH)
|
| Top of the 7th over - 0 runs, 0 hits, 0 errors, 0 left on base; Atlanta (MID) 1 - Greensboro 2 |
| BOTTOM OF THE 7TH |
|
Greensboro Grasshoppers batting - Pitching for Atlanta (MID) Braves : RHP Gabe Fillmore
|
|
Pitching: LHP Darius Brown
|
|
|
Batting: RHB Tom Thompson
|
0-0: Ball 1-0: Ground out 6-3 (Groundball, 6, EV 81.2 MPH)
|
|
Batting: RHB Nate Crofts
|
0-0: Ball 1-0: Called Strike 1-1: Foul Ball, location: 2F 1-2: Strikes out swinging
|
|
Batting: RHB Miguel Velasco
|
0-0: Ball 1-0: Foul Ball, location: 2F 1-1: Ball 2-1: Called Strike 2-2: Strikes out swinging
|
| Bottom of the 7th over - 0 runs, 0 hits, 0 errors, 0 left on base; Atlanta (MID) 1 - Greensboro 2 |
| TOP OF THE 8TH |
|
Atlanta (MID) Braves batting - Pitching for Greensboro Grasshoppers : RHP Rodolfo Mendez
|
|
Batting: RHB Gabe Allen
|
0-0: Ball 1-0: Fly out, F7 (Flyball, 7LM, EV 91.9 MPH)
|
|
Batting: LHB Eric Jackson
|
0-0: Ball 1-0: Fly out, F7 (Flyball, 78S, EV 95.6 MPH)
|
|
Batting: RHB Chris Trites
|
0-0: Ball 1-0: SINGLE (Line Drive, 34D, EV 103.1 MPH)
|
|
Batting: SHB Brett McEwen
|
0-0: Ball Chris Trites steals 2nd base 1-0: Ball 2-0: Called Strike 2-1: Fly out, F8 (Flyball, 8LM, EV 93.8 MPH)
|
| Top of the 8th over - 0 runs, 1 hit, 0 errors, 1 left on base; Atlanta (MID) 1 - Greensboro 2 |
| BOTTOM OF THE 8TH |
|
Greensboro Grasshoppers batting - Pitching for Atlanta (MID) Braves : LHP Darius Brown
|
|
Batting: LHB Angelo Estrella
|
0-0: Called Strike 0-1: Ball 1-1: Swinging Strike 1-2: Ball 2-2: Strikes out looking
|
|
Batting: LHB Justin Blakely
|
0-0: Ball 1-0: Ball 2-0: SINGLE (Line Drive, 6D, EV 96.9 MPH)
|
|
Batting: RHB Alberto Bravo
|
0-0: Ball 1-0: Ball 2-0: Ball 3-0: Called Strike 3-1: Called Strike 3-2: Fielders Choice at 2nd, 4-6 (Groundball, 4, EV 81.2 MPH)
|
|
Batting: RHB Nick Dunton
|
0-0: Ball 1-0: Foul Ball, location: 2F 1-1: Swinging Strike 1-2: Fly out, F6 (Popup, 6MD, EV 63.1 MPH)
|
| Bottom of the 8th over - 0 runs, 1 hit, 0 errors, 1 left on base; Atlanta (MID) 1 - Greensboro 2 |
| TOP OF THE 9TH |
|
Atlanta (MID) Braves batting - Pitching for Greensboro Grasshoppers : RHP Rodolfo Mendez
|
|
Pitching: LHP Mike Wasson
|
|
|
Batting: LHB Tamaichi Sasada
|
0-0: Ball 1-0: SINGLE (Groundball, 34D, EV 105.6 MPH)
|
|
Batting: LHB Ricardo Sandoval
|
0-0: Ball 1-0: Ball 2-0: Called Strike 2-1: Swinging Strike 2-2: Foul Ball, location: 2F 2-2: Ball 3-2: Foul Ball, location: 2F 3-2: Foul Ball, location: 2F 3-2: Fly out, F5 (Popup, 6S, EV 83.1 MPH)
|
|
Batting: RHB Josh McCormick
|
0-0: Ball 1-0: 2-RUN HOME RUN (Line Drive, 9D, EV 109.4 MPH), Distance : 421 ft
|
|
Batting: RHB Nick Holsinger
|
0-0: Ball 1-0: Ball 2-0: SINGLE (Flyball, 34D, EV 85.6 MPH)
|
|
Batting: RHB Alex Campos
|
0-0: Swinging Strike 0-1: Called Strike 0-2: Ball 1-2: Ball 2-2: Fly out, F8 (Flyball, 78M, EV 93.8 MPH)
|
|
Batting: RHB Gabe Allen
|
0-0: Ball 1-0: Ball 2-0: Swinging Strike 2-1: Fielders Choice at 2nd, 6-4 (Groundball, 56D, EV 91.2 MPH)
|
| Top of the 9th over - 2 runs, 3 hits, 0 errors, 1 left on base; Atlanta (MID) 3 - Greensboro 2 |
| BOTTOM OF THE 9TH |
|
Greensboro Grasshoppers batting - Pitching for Atlanta (MID) Braves : LHP Darius Brown
|
|
Pitching: RHP Jimmy Loudner
|
|
|
Now at 1B: Nick Holsinger
|
|
|
Now at 2B: Chris Trites
|
|
|
Now in LF: George Provance
|
|
|
Now in RF: Ricardo Sandoval
|
|
|
Batting: LHB Jose Cabello
|
0-0: Foul Ball, location: 2F 0-1: Ball 1-1: Foul Ball, location: 2F 1-2: Ground out 4-3 (Groundball, 34, EV 100.0 MPH)
|
|
Pinch Hitting: LHB Ryan Thompson
|
0-0: Called Strike 0-1: Ball 1-1: Called Strike 1-2: Ball 2-2: Foul Ball, location: 2F 2-2: Ball 3-2: SINGLE (Flyball, 78S, EV 88.8 MPH)
|
|
Pinch Hitting: LHB Ryan Karg
|
0-0: Called Strike 0-1: Ball 1-1: Ball 2-1: Ball 3-1: Swinging Strike 3-2: Strikes out looking
|
|
Batting: RHB Nate Crofts
|
0-0: Ball 1-0: Foul Ball, location: 2F 1-1: Foul Ball, location: 2F 1-2: Foul Ball, location: 2F 1-2: Strikes out looking
|
| Bottom of the 9th over - 0 runs, 1 hit, 0 errors, 1 left on base; Atlanta (MID) 3 - Greensboro 2 |
|